General information
- name: BNet
- type: Ladder team game (AT/RT)
- host: Battle.net
- saver: dogsandhorse.ru
map: FullScaleAssault
- players: 8
- length: 40:54
- speed: Fast
- version: 1.26 W3XP
- replay type:

» download(333 KB)
Players
team 1 (winner)
backintheUSSR (
green | 93 APM | 3794 actions | 40:54)
4 Mountain King
2 Storm Bolt
2 Bash
4 Paladin
2 Holy Light
1 Divine Shield
1 Devotion Aura
3 Blood Mage
1 Banish
2 Flame Strike
» actions
| Assign group hotkey | 15 | |
| Basic commands | 75 | |
| Build / train | 158 | |
| ESC pressed | 3 | |
| Enter build submenu | 141 | |
| Enter hero's abilities submenu | 11 | |
| Give item / drop item | 11 | |
| Right click | 1402 | |
| Select / deselect | 420 | |
| Select group hotkey | 1197 | |
| Use ability | 358 | |
3794 total
» units
| Peasant | 15 | |
| Dragonhawk Rider | 5 | |
20 total
» upgrades
| Masonry | 3 | |
| Lumber Harvesting | 1 | |
| Magic Sentry | 1 | |
| Cloud | 1 | |
| Animal War Training | 1 | |
| Armor | 2 | |
| Swords | 1 | |
10 total
» buildings
| Lumber Mill | 1 | |
| Altar of Kings | 9 | |
| Farm | 8 | |
| Scout Tower | 207 | |
| Arcane Tower | 6 | |
| Guard Tower | 85 | |
| Town Hall | 1 | |
| Keep | 4 | |
| Castle | 1 | |
| Arcane Sanctum | 1 | |
| Arcane Vault | 3 | |
| Gryphon Aviary | 2 | |
| Blacksmith | 1 | |
| Barracks | 1 | |
330 total
» build order
00:35 Lumber Mill
00:50 Altar of Kings
00:51 Farm
01:21 Scout Tower
01:24 Scout Tower
01:34 Farm
01:57 Arcane Tower
02:05 Scout Tower
02:15 Scout Tower
02:22 Guard Tower
02:22 Guard Tower
02:27 Scout Tower
02:33 Guard Tower
02:48 Scout Tower
02:49 Guard Tower
02:57 Scout Tower
03:08 Guard Tower
03:08 Scout Tower
03:24 Scout Tower
03:25 Scout Tower
03:26 Scout Tower
03:30 Guard Tower
03:45 Guard Tower
03:48 Scout Tower
03:50 Scout Tower
03:56 Guard Tower
03:57 Scout Tower
03:58 Scout Tower
04:20 Guard Tower
04:22 Scout Tower
04:23 Scout Tower
04:32 Town Hall
05:03 Scout Tower
05:24 Keep
05:25 Keep
05:25 Keep
05:31 Guard Tower
05:33 Arcane Tower
05:36 Arcane Tower
05:40 Scout Tower
05:41 Guard Tower
05:43 Guard Tower
05:49 Scout Tower
05:50 Scout Tower
06:17 Scout Tower
06:17 Guard Tower
06:19 Scout Tower
06:20 Scout Tower
06:22 Guard Tower
06:23 Arcane Tower
06:25 Scout Tower
06:26 Scout Tower
07:00 Guard Tower
07:02 Scout Tower
07:03 Scout Tower
07:12 Scout Tower
07:13 Guard Tower
07:15 Guard Tower
07:31 Guard Tower
07:33 Scout Tower
07:39 Guard Tower
07:39 Guard Tower
07:43 Scout Tower
07:47 Scout Tower
07:49 Castle
08:21 Guard Tower
08:22 Scout Tower
08:24 Scout Tower
08:24 Scout Tower
08:41 Guard Tower
08:44 Scout Tower
08:45 Scout Tower
08:46 Scout Tower
08:48 Scout Tower
09:00 Guard Tower
09:02 Arcane Sanctum
09:04 Scout Tower
09:05 Scout Tower
09:06 Guard Tower
09:18 Guard Tower
09:19 Scout Tower
09:20 Scout Tower
09:40 Guard Tower
10:09 Guard Tower
10:09 Guard Tower
10:27 Guard Tower
10:29 Scout Tower
10:30 Scout Tower
10:31 Scout Tower
10:32 Scout Tower
10:41 Guard Tower
10:44 Scout Tower
10:46 Scout Tower
10:47 Scout Tower
10:48 Scout Tower
10:49 Scout Tower
10:59 Guard Tower
11:16 Guard Tower
11:17 Scout Tower
11:18 Scout Tower
11:19 Scout Tower
11:40 Altar of Kings
11:41 Altar of Kings
11:49 Altar of Kings
11:49 Altar of Kings
11:52 Guard Tower
11:52 Guard Tower
12:07 Arcane Vault
12:09 Arcane Vault
12:10 Altar of Kings
12:10 Altar of Kings
12:12 Arcane Vault
12:13 Altar of Kings
12:14 Altar of Kings
12:28 Guard Tower
12:30 Scout Tower
12:30 Scout Tower
12:31 Scout Tower
12:36 Guard Tower
12:44 Guard Tower
12:46 Scout Tower
12:47 Scout Tower
12:48 Scout Tower
12:51 Scout Tower
12:51 Scout Tower
13:00 Guard Tower
13:03 Scout Tower
13:04 Scout Tower
13:04 Scout Tower
13:05 Scout Tower
13:29 Guard Tower
14:07 Guard Tower
14:09 Scout Tower
14:10 Scout Tower
14:32 Gryphon Aviary
14:32 Gryphon Aviary
14:34 Farm
14:34 Farm
14:35 Farm
14:35 Farm
14:36 Guard Tower
15:11 Guard Tower
15:15 Scout Tower
15:16 Scout Tower
15:17 Guard Tower
15:19 Guard Tower
15:20 Scout Tower
15:22 Scout Tower
15:23 Scout Tower
15:23 Scout Tower
15:25 Scout Tower
16:20 Guard Tower
16:23 Scout Tower
16:24 Scout Tower
16:24 Scout Tower
16:25 Scout Tower
16:26 Scout Tower
16:29 Scout Tower
16:30 Scout Tower
16:31 Scout Tower
16:58 Scout Tower
16:59 Scout Tower
17:00 Scout Tower
17:01 Scout Tower
17:01 Scout Tower
17:02 Scout Tower
17:03 Scout Tower
17:04 Scout Tower
17:06 Scout Tower
17:07 Scout Tower
17:07 Scout Tower
17:08 Scout Tower
17:09 Scout Tower
17:10 Scout Tower
17:10 Scout Tower
17:10 Scout Tower
17:33 Guard Tower
17:35 Scout Tower
17:37 Scout Tower
17:45 Blacksmith
17:47 Barracks
17:49 Guard Tower
17:49 Guard Tower
18:11 Guard Tower
18:13 Scout Tower
18:14 Scout Tower
18:14 Scout Tower
18:16 Scout Tower
18:21 Guard Tower
18:25 Guard Tower
18:30 Guard Tower
18:35 Scout Tower
18:36 Scout Tower
18:37 Scout Tower
19:32 Guard Tower
19:35 Guard Tower
19:51 Guard Tower
19:51 Guard Tower
20:04 Guard Tower
20:05 Guard Tower
20:08 Scout Tower
20:09 Scout Tower
20:09 Scout Tower
20:10 Scout Tower
20:11 Scout Tower
20:12 Scout Tower
20:12 Scout Tower
20:13 Scout Tower
20:13 Scout Tower
21:19 Guard Tower
21:21 Farm
21:23 Scout Tower
21:23 Scout Tower
21:24 Scout Tower
21:24 Scout Tower
21:25 Scout Tower
21:26 Scout Tower
21:46 Scout Tower
21:48 Scout Tower
22:22 Scout Tower
22:23 Scout Tower
22:25 Scout Tower
22:26 Scout Tower
22:27 Scout Tower
22:29 Scout Tower
22:34 Scout Tower
22:35 Scout Tower
22:36 Scout Tower
22:41 Guard Tower
22:43 Scout Tower
22:44 Scout Tower
22:45 Scout Tower
22:46 Scout Tower
22:46 Scout Tower
22:47 Scout Tower
22:48 Scout Tower
22:49 Scout Tower
22:54 Guard Tower
22:57 Scout Tower
22:58 Scout Tower
22:59 Scout Tower
23:00 Scout Tower
23:01 Scout Tower
23:02 Scout Tower
23:16 Guard Tower
24:08 Guard Tower
24:08 Guard Tower
24:19 Guard Tower
24:35 Scout Tower
24:36 Scout Tower
24:36 Scout Tower
24:50 Scout Tower
24:50 Scout Tower
24:51 Scout Tower
24:52 Scout Tower
25:04 Guard Tower
25:06 Scout Tower
25:06 Scout Tower
25:52 Guard Tower
25:55 Scout Tower
25:56 Scout Tower
25:57 Scout Tower
25:58 Scout Tower
26:54 Guard Tower
26:56 Scout Tower
26:56 Scout Tower
26:57 Scout Tower
26:57 Scout Tower
26:59 Scout Tower
27:00 Scout Tower
27:00 Scout Tower
27:00 Scout Tower
27:24 Guard Tower
27:26 Scout Tower
27:27 Scout Tower
27:27 Scout Tower
27:28 Scout Tower
27:28 Scout Tower
27:29 Scout Tower
27:31 Scout Tower
27:32 Scout Tower
27:32 Scout Tower
27:33 Scout Tower
27:34 Scout Tower
28:00 Guard Tower
28:04 Guard Tower
28:15 Guard Tower
28:46 Scout Tower
28:48 Scout Tower
28:49 Scout Tower
28:50 Scout Tower
28:52 Scout Tower
28:53 Scout Tower
29:05 Guard Tower
29:08 Guard Tower
29:11 Scout Tower
29:12 Scout Tower
29:16 Guard Tower
29:20 Guard Tower
29:22 Scout Tower
29:24 Scout Tower
29:38 Guard Tower
29:39 Guard Tower
29:54 Guard Tower
29:55 Scout Tower
29:56 Scout Tower
29:59 Scout Tower
30:00 Scout Tower
30:00 Scout Tower
30:01 Scout Tower
30:04 Scout Tower
30:06 Scout Tower
30:07 Scout Tower
30:07 Scout Tower
30:12 Scout Tower
30:13 Scout Tower
30:15 Scout Tower
30:20 Guard Tower
31:24 Guard Tower
33:27 Guard Tower
33:32 Arcane Tower
34:02 Scout Tower
34:03 Scout Tower
34:06 Scout Tower
36:38 Arcane Tower
» items
| Healing Salve | 1 | |
| Lesser Clarity Potion | 2 | |
| Staff of Teleportation | 3 | |
| Boots of Speed | 3 | |
| Orb of Lightning | 3 | |
| Staff of Sanctuary | 3 | |
15 total
dogsandhorse.ru (
blue | 95 APM | 3879 actions | 40:54)
4 Blood Mage
2 Flame Strike
2 Banish
4 Archmage
2 Blizzard
2 Brilliance Aura
5 Pit Lord
3 Rain of Fire
2 Cleaving Attack
» actions
| Assign group hotkey | 18 | |
| Basic commands | 51 | |
| Build / train | 157 | |
| Enter build submenu | 108 | |
| Enter hero's abilities submenu | 14 | |
| Give item / drop item | 10 | |
| Remove unit from queue | 1 | |
| Right click | 2128 | |
| Select / deselect | 564 | |
| Select group hotkey | 433 | |
| Use ability | 395 | |
3879 total
» units
| Peasant | 13 | |
| Dragonhawk Rider | 6 | |
| Sorceress | 1 | |
| Goblin Zeppelin | 1 | |
21 total
» upgrades
| Masonry | 3 | |
| Cloud | 1 | |
| Magic Sentry | 1 | |
| Sorceress Training | 1 | |
| Animal War Training | 1 | |
| Swords | 2 | |
| Armor | 2 | |
11 total
» buildings
| Lumber Mill | 1 | |
| Farm | 10 | |
| Altar of Kings | 1 | |
| Scout Tower | 248 | |
| Arcane Tower | 6 | |
| Guard Tower | 70 | |
| Arcane Vault | 2 | |
| Keep | 3 | |
| Castle | 3 | |
| Town Hall | 1 | |
| Gryphon Aviary | 3 | |
| Arcane Sanctum | 1 | |
| Barracks | 1 | |
| Blacksmith | 1 | |
351 total
» build order
00:34 Lumber Mill
01:04 Farm
01:11 Altar of Kings
01:15 Scout Tower
01:36 Farm
01:41 Farm
01:46 Scout Tower
01:46 Arcane Tower
02:21 Scout Tower
02:22 Guard Tower
02:23 Scout Tower
02:32 Farm
02:33 Farm
02:36 Scout Tower
02:38 Scout Tower
02:45 Scout Tower
02:48 Scout Tower
02:50 Guard Tower
02:52 Guard Tower
03:05 Arcane Tower
03:17 Guard Tower
03:18 Scout Tower
03:19 Guard Tower
03:19 Guard Tower
03:49 Guard Tower
03:52 Scout Tower
03:53 Scout Tower
03:54 Scout Tower
03:57 Scout Tower
04:00 Arcane Vault
04:02 Arcane Vault
04:05 Scout Tower
04:06 Scout Tower
04:07 Scout Tower
04:46 Farm
04:47 Farm
04:48 Farm
04:49 Farm
04:49 Farm
04:56 Guard Tower
05:31 Keep
05:31 Keep
05:35 Guard Tower
06:02 Guard Tower
06:06 Scout Tower
06:07 Scout Tower
06:47 Scout Tower
06:48 Scout Tower
06:51 Scout Tower
06:51 Scout Tower
06:52 Scout Tower
07:16 Guard Tower
07:17 Scout Tower
07:18 Scout Tower
07:19 Scout Tower
07:19 Scout Tower
07:20 Scout Tower
07:20 Scout Tower
07:21 Scout Tower
08:09 Guard Tower
08:09 Guard Tower
08:39 Guard Tower
09:22 Castle
09:22 Castle
09:22 Castle
09:55 Town Hall
10:11 Guard Tower
10:13 Scout Tower
10:13 Scout Tower
10:14 Scout Tower
10:22 Guard Tower
10:24 Scout Tower
10:25 Scout Tower
10:26 Scout Tower
10:27 Scout Tower
10:27 Scout Tower
11:10 Scout Tower
11:11 Scout Tower
11:11 Scout Tower
11:12 Scout Tower
11:23 Guard Tower
11:33 Scout Tower
11:34 Scout Tower
11:42 Arcane Tower
12:38 Guard Tower
12:54 Guard Tower
13:11 Guard Tower
13:27 Gryphon Aviary
14:55 Gryphon Aviary
14:56 Gryphon Aviary
15:02 Arcane Sanctum
15:23 Arcane Tower
15:23 Guard Tower
15:28 Scout Tower
15:29 Scout Tower
15:30 Scout Tower
15:30 Scout Tower
15:31 Scout Tower
16:11 Guard Tower
16:27 Barracks
16:28 Blacksmith
17:25 Scout Tower
17:26 Scout Tower
17:27 Scout Tower
17:28 Scout Tower
17:29 Scout Tower
17:30 Scout Tower
17:31 Scout Tower
17:31 Scout Tower
17:32 Scout Tower
18:38 Guard Tower
18:55 Scout Tower
20:42 Guard Tower
20:54 Guard Tower
20:55 Scout Tower
20:57 Scout Tower
20:59 Scout Tower
21:00 Scout Tower
21:02 Scout Tower
21:03 Scout Tower
21:04 Scout Tower
21:04 Scout Tower
21:08 Guard Tower
21:39 Scout Tower
21:40 Scout Tower
21:41 Scout Tower
21:41 Scout Tower
21:42 Scout Tower
21:44 Scout Tower
21:45 Scout Tower
21:46 Scout Tower
21:47 Scout Tower
21:57 Guard Tower
21:59 Scout Tower
22:00 Scout Tower
22:01 Scout Tower
22:02 Scout Tower
22:02 Scout Tower
22:06 Guard Tower
22:24 Scout Tower
22:25 Scout Tower
22:26 Scout Tower
22:27 Scout Tower
22:27 Scout Tower
22:28 Scout Tower
22:30 Scout Tower
22:31 Scout Tower
22:31 Scout Tower
22:34 Scout Tower
22:35 Scout Tower
22:36 Scout Tower
22:37 Scout Tower
22:38 Scout Tower
22:39 Scout Tower
22:40 Scout Tower
22:41 Scout Tower
22:48 Scout Tower
22:49 Scout Tower
22:50 Scout Tower
22:51 Scout Tower
22:52 Scout Tower
22:53 Scout Tower
22:56 Scout Tower
22:57 Scout Tower
22:58 Scout Tower
22:59 Scout Tower
23:02 Scout Tower
23:32 Guard Tower
23:33 Arcane Tower
24:56 Guard Tower
24:57 Guard Tower
26:01 Guard Tower
26:37 Guard Tower
26:45 Guard Tower
26:46 Guard Tower
26:46 Guard Tower
26:47 Guard Tower
27:28 Guard Tower
27:32 Scout Tower
27:33 Scout Tower
28:06 Guard Tower
28:11 Scout Tower
28:12 Scout Tower
28:12 Scout Tower
28:14 Scout Tower
28:15 Scout Tower
28:16 Scout Tower
28:17 Scout Tower
28:19 Scout Tower
28:20 Scout Tower
28:21 Scout Tower
29:15 Guard Tower
29:22 Scout Tower
29:23 Scout Tower
29:24 Scout Tower
29:24 Scout Tower
29:25 Scout Tower
29:26 Scout Tower
29:27 Scout Tower
29:28 Scout Tower
29:28 Scout Tower
29:36 Scout Tower
29:37 Scout Tower
29:38 Scout Tower
29:40 Scout Tower
29:40 Scout Tower
29:41 Scout Tower
29:43 Arcane Tower
29:51 Scout Tower
29:53 Scout Tower
29:54 Scout Tower
30:01 Guard Tower
30:04 Scout Tower
30:41 Guard Tower
31:42 Guard Tower
31:43 Scout Tower
31:44 Scout Tower
31:44 Scout Tower
31:45 Scout Tower
31:46 Scout Tower
31:47 Scout Tower
31:48 Scout Tower
31:48 Scout Tower
31:49 Scout Tower
31:50 Scout Tower
31:50 Scout Tower
31:52 Scout Tower
31:52 Scout Tower
31:53 Scout Tower
31:53 Scout Tower
31:54 Scout Tower
32:15 Guard Tower
32:20 Guard Tower
32:24 Scout Tower
32:25 Scout Tower
32:26 Scout Tower
32:27 Scout Tower
32:42 Guard Tower
32:43 Guard Tower
32:58 Scout Tower
33:00 Scout Tower
33:01 Scout Tower
33:01 Scout Tower
33:03 Scout Tower
33:03 Scout Tower
33:04 Scout Tower
33:05 Scout Tower
33:06 Scout Tower
33:07 Scout Tower
33:07 Scout Tower
33:10 Scout Tower
33:11 Scout Tower
33:11 Scout Tower
33:12 Scout Tower
33:12 Scout Tower
33:13 Scout Tower
33:15 Scout Tower
33:15 Scout Tower
33:16 Scout Tower
33:18 Scout Tower
33:19 Scout Tower
33:19 Scout Tower
33:24 Scout Tower
33:25 Scout Tower
33:26 Scout Tower
33:26 Scout Tower
33:27 Scout Tower
33:28 Scout Tower
33:29 Scout Tower
33:30 Scout Tower
33:31 Scout Tower
33:31 Scout Tower
33:32 Scout Tower
33:33 Scout Tower
33:34 Scout Tower
33:34 Scout Tower
33:37 Scout Tower
33:42 Guard Tower
33:43 Scout Tower
33:44 Scout Tower
33:44 Scout Tower
33:46 Scout Tower
33:47 Scout Tower
33:48 Scout Tower
33:50 Scout Tower
33:51 Scout Tower
33:51 Scout Tower
33:55 Guard Tower
33:55 Guard Tower
33:55 Guard Tower
34:00 Scout Tower
34:01 Scout Tower
34:02 Guard Tower
34:02 Guard Tower
34:24 Guard Tower
36:01 Guard Tower
36:03 Scout Tower
36:16 Guard Tower
36:47 Scout Tower
36:47 Scout Tower
36:48 Scout Tower
36:49 Scout Tower
36:50 Scout Tower
36:52 Scout Tower
36:52 Scout Tower
36:53 Scout Tower
36:53 Scout Tower
36:57 Guard Tower
37:02 Guard Tower
37:06 Guard Tower
37:39 Scout Tower
37:40 Scout Tower
37:41 Scout Tower
37:41 Scout Tower
37:43 Scout Tower
37:44 Scout Tower
37:45 Scout Tower
37:46 Scout Tower
37:46 Scout Tower
37:48 Scout Tower
37:49 Scout Tower
37:49 Scout Tower
37:50 Scout Tower
37:53 Guard Tower
38:03 Guard Tower
38:44 Scout Tower
38:44 Scout Tower
38:45 Scout Tower
38:46 Guard Tower
38:51 Scout Tower
38:52 Scout Tower
38:53 Scout Tower
38:55 Guard Tower
38:58 Scout Tower
38:58 Scout Tower
38:59 Scout Tower
39:00 Scout Tower
39:01 Scout Tower
39:06 Guard Tower
39:13 Scout Tower
39:14 Scout Tower
39:14 Scout Tower
39:15 Scout Tower
39:15 Scout Tower
39:35 Guard Tower
40:04 Guard Tower
40:24 Guard Tower
» items
| Boots of Speed | 3 | |
| Staff of Teleportation | 3 | |
| Healing Salve | 1 | |
| Staff of Sanctuary | 2 | |
| Orb of Lightning | 3 | |
| Scroll of Town Portal | 2 | |
14 total
DontPhaseMeBro (
orange | 80 APM | 3260 actions | 40:53)
6 Warden
3 Shadow Strike
3 Blink
» actions
| Assign group hotkey | 355 | |
| Basic commands | 17 | |
| Build / train | 93 | |
| ESC pressed | 5 | |
| Enter build submenu | 25 | |
| Enter hero's abilities submenu | 7 | |
| Give item / drop item | 7 | |
| Remove unit from queue | 5 | |
| Right click | 1596 | |
| Select / deselect | 300 | |
| Select group hotkey | 659 | |
| Use ability | 190 | |
3260 total
» units
» upgrades
| Strength of the Wild | 3 | |
| Reinforced Hides | 3 | |
| Nature's Blessing | 1 | |
| Well Spring | 1 | |
| Druid of the Talon Training | 2 | |
10 total
» buildings
| Altar of Elders | 1 | |
| Moon Well | 7 | |
| Ancient of Wonders | 2 | |
| Tree of Ages | 3 | |
| Hunter's Hall | 1 | |
| Tree of Eternity | 3 | |
| Ancient of Wind | 2 | |
| Tree of Life | 6 | |
25 total
» build order
00:35 Altar of Elders
00:37 Moon Well
01:44 Moon Well
02:47 Moon Well
03:51 Moon Well
04:52 Ancient of Wonders
04:53 Tree of Ages
04:53 Tree of Ages
05:51 Hunter's Hall
07:14 Tree of Eternity
07:14 Tree of Eternity
07:14 Tree of Eternity
08:21 Ancient of Wind
08:56 Tree of Life
10:22 Tree of Life
11:05 Moon Well
11:06 Moon Well
11:09 Moon Well
15:49 Ancient of Wind
19:13 Ancient of Wonders
20:45 Tree of Life
23:43 Tree of Life
25:01 Tree of Life
25:02 Tree of Life
» items
| Boots of Speed | 1 | |
| Staff of Teleportation | 3 | |
| Orb of Lightning | 1 | |
| Healing Salve | 2 | |
| Lesser Clarity Potion | 1 | |
8 total
gameofours (
teal | 103 APM | 4195 actions | 40:53)
7 Blademaster
3 Wind Walk
3 Critical Strike
1 Bladestorm
1 Goblin Alchemist
1 Healing Spray
» actions
| Assign group hotkey | 974 | |
| Basic commands | 32 | |
| Build / train | 76 | |
| Enter build submenu | 20 | |
| Enter hero's abilities submenu | 7 | |
| Give item / drop item | 7 | |
| Remove unit from queue | 13 | |
| Right click | 2001 | |
| Select / deselect | 404 | |
| Select group hotkey | 314 | |
| Use ability | 346 | |
4195 total
» units
| Peon | 10 | |
| Demolisher | 1 | |
| Kodo Beast | 5 | |
| Troll Batrider | 20 | |
| Goblin Zeppelin | 4 | |
| Wind Rider | -6 | |
34 total
» upgrades
| Liquid Fire | 1 | |
| Armor | 2 | |
| Ranged Weapons | 2 | |
5 total
» buildings
| Altar of Storms | 1 | |
| Orc Burrow | 6 | |
| Voodoo Lounge | 9 | |
| Stronghold | 1 | |
| War Mill | 1 | |
| Fortress | 1 | |
| Beastiary | 2 | |
| Barracks | 1 | |
| Great Hall | 1 | |
23 total
» build order
00:07 Altar of Storms
00:20 Orc Burrow
01:59 Voodoo Lounge
02:21 Voodoo Lounge
03:25 Stronghold
03:40 Orc Burrow
04:24 Voodoo Lounge
04:28 Voodoo Lounge
05:18 War Mill
05:50 Fortress
05:53 Beastiary
05:54 Beastiary
07:08 Voodoo Lounge
07:18 Orc Burrow
07:27 Barracks
08:23 Voodoo Lounge
08:29 Voodoo Lounge
08:44 Voodoo Lounge
09:06 Voodoo Lounge
11:40 Great Hall
26:32 Orc Burrow
26:33 Orc Burrow
26:34 Orc Burrow
» items
| Boots of Speed | 2 | |
| Staff of Teleportation | 1 | |
| Healing Salve | 3 | |
| Lesser Clarity Potion | 3 | |
| Orb of Lightning | 1 | |
| Staff of Preservation | 1 | |
| Circlet of Nobility | 1 | |
12 total
team 2 (loser)
abuser[x] (
red | 66 APM | 2447 actions | 37:02)
3 Blademaster
1 Wind Walk
2 Critical Strike
» actions
| Assign group hotkey | 13 | |
| Basic commands | 125 | |
| Build / train | 74 | |
| Enter build submenu | 12 | |
| Enter hero's abilities submenu | 3 | |
| Give item / drop item | 8 | |
| Remove unit from queue | 1 | |
| Right click | 520 | |
| Select / deselect | 289 | |
| Select group hotkey | 1326 | |
| Use ability | 75 | |
2447 total
» units
» upgrades
| Burning Oil | 1 | |
| Ranged Weapons | 3 | |
| Armor | 1 | |
5 total
» buildings
| Altar of Storms | 1 | |
| Orc Burrow | 5 | |
| Voodoo Lounge | 1 | |
| Stronghold | 1 | |
| Fortress | 1 | |
| Barracks | 3 | |
| War Mill | 1 | |
13 total
» build order
00:09 Altar of Storms
00:23 Orc Burrow
02:32 Voodoo Lounge
15:52 Stronghold
18:32 Fortress
22:05 Barracks
22:06 Barracks
22:17 Barracks
22:33 War Mill
23:59 Orc Burrow
24:03 Orc Burrow
24:09 Orc Burrow
24:15 Orc Burrow
» items
| Lesser Clarity Potion | 5 | |
| Healing Salve | 1 | |
| Dust of Appearance | 1 | |
| Potion of Healing | 1 | |
| Potion of Mana | 1 | |
| Orb of Lightning | 1 | |
| Scroll of Speed | 2 | |
12 total
mazonakis_1 (
purple | 42 APM | 1733 actions | 40:53)
3 Death Knight
2 Death Coil
1 Unholy Aura
3 Lich
2 Frost Nova
1 Frost Armor
» actions
| Assign group hotkey | 29 | |
| Basic commands | 60 | |
| Build / train | 102 | |
| Enter build submenu | 24 | |
| Enter hero's abilities submenu | 6 | |
| Give item / drop item | 1 | |
| Remove unit from queue | 1 | |
| Right click | 465 | |
| Select / deselect | 526 | |
| Select group hotkey | 389 | |
| Use ability | 130 | |
1733 total
» units
| Acolyte | 9 | |
| Ghoul | 4 | |
| Crypt Fiend | 8 | |
| Abomination | 23 | |
| Goblin Zeppelin | 10 | |
54 total
» upgrades
| Creature Attack | 3 | |
| Creature Carapace | 3 | |
| Web | 1 | |
| Unholy Strength | 3 | |
| Unholy Armor | 3 | |
| Disease Cloud | 1 | |
14 total
» buildings
| Graveyard | 2 | |
| Crypt | 1 | |
| Ziggurat | 18 | |
| Altar of Darkness | 1 | |
| Nerubian Tower | 7 | |
| Halls of the Dead | 4 | |
| Tomb of Relics | 1 | |
| Spirit Tower | 5 | |
| Black Citadel | 1 | |
| Slaughterhouse | 2 | |
42 total
» build order
00:09 Graveyard
00:12 Crypt
00:22 Graveyard
00:30 Ziggurat
00:55 Altar of Darkness
01:35 Ziggurat
01:51 Nerubian Tower
02:37 Halls of the Dead
02:37 Halls of the Dead
02:37 Halls of the Dead
03:07 Ziggurat
03:28 Tomb of Relics
03:59 Spirit Tower
05:18 Ziggurat
08:01 Spirit Tower
08:03 Nerubian Tower
08:04 Black Citadel
08:12 Ziggurat
09:29 Slaughterhouse
09:31 Slaughterhouse
09:43 Ziggurat
13:06 Ziggurat
13:06 Ziggurat
13:07 Ziggurat
14:05 Ziggurat
14:07 Ziggurat
15:26 Ziggurat
15:27 Ziggurat
15:35 Ziggurat
16:23 Spirit Tower
16:29 Nerubian Tower
17:01 Ziggurat
17:02 Ziggurat
17:04 Ziggurat
17:08 Ziggurat
17:54 Spirit Tower
17:56 Nerubian Tower
17:57 Spirit Tower
18:01 Nerubian Tower
18:01 Nerubian Tower
» items
| Potion of Healing | 2 | |
| Scroll of Town Portal | 2 | |
| Scroll of Healing | 1 | |
5 total
sTanK0 (
pink | 42 APM | 1568 actions | 36:55)
4 Death Knight
2 Death Coil
2 Unholy Aura
1 Crypt Lord
1 Impale
» actions
| Assign group hotkey | 44 | |
| Basic commands | 29 | |
| Build / train | 56 | |
| ESC pressed | 15 | |
| Enter build submenu | 16 | |
| Enter hero's abilities submenu | 5 | |
| Right click | 465 | |
| Select / deselect | 253 | |
| Select group hotkey | 642 | |
| Use ability | 43 | |
1568 total
» units
| Acolyte | 8 | |
| Ghoul | 4 | |
| Frost Wyrm | 8 | |
| Goblin Zeppelin | 1 | |
| Meatwagon | 7 | |
28 total
» upgrades
| Creature Attack | 3 | |
| Creature Carapace | 3 | |
| Freezing Breath | 1 | |
| Web | 1 | |
| Unholy Strength | 2 | |
10 total
» buildings
| Crypt | 2 | |
| Ziggurat | 9 | |
| Altar of Darkness | 1 | |
| Graveyard | 1 | |
| Halls of the Dead | 3 | |
| Nerubian Tower | 1 | |
| Black Citadel | 3 | |
| Sacrificial Pit | 1 | |
| Spirit Tower | 2 | |
| Boneyard | 2 | |
| Slaughterhouse | 3 | |
28 total
» build order
00:07 Crypt
00:19 Ziggurat
00:29 Altar of Darkness
01:30 Ziggurat
01:55 Graveyard
02:10 Halls of the Dead
02:11 Halls of the Dead
02:23 Nerubian Tower
04:20 Ziggurat
04:22 Ziggurat
04:32 Black Citadel
04:32 Black Citadel
04:41 Sacrificial Pit
06:42 Spirit Tower
06:49 Ziggurat
06:57 Boneyard
06:59 Boneyard
07:54 Ziggurat
09:42 Ziggurat
09:45 Spirit Tower
12:50 Ziggurat
12:51 Ziggurat
14:11 Crypt
20:56 Slaughterhouse
20:57 Slaughterhouse
20:59 Slaughterhouse
» items
xXxDolcExXx (
yellow | 64 APM | 2609 actions | 40:49)
3 Demon Hunter
2 Mana Burn
1 Evasion
4 Keeper of the Grove
2 Entangling Roots
2 Thorns Aura
1 Blademaster
1 Wind Walk
» actions
| Assign group hotkey | 56 | |
| Basic commands | 116 | |
| Build / train | 125 | |
| ESC pressed | 2 | |
| Enter build submenu | 23 | |
| Enter hero's abilities submenu | 8 | |
| Give item / drop item | 8 | |
| Right click | 752 | |
| Select / deselect | 561 | |
| Select group hotkey | 873 | |
| Use ability | 85 | |
2609 total
» units
| Wisp | 21 | |
| Dryad | 6 | |
| Druid of the Talon | 11 | |
| Hippogryph | 26 | |
| Goblin Zeppelin | 6 | |
| Mountain Giant | 8 | |
| Frost Wyrm | 1 | |
79 total
» upgrades
| Strength of the Wild | 3 | |
| Abolish Magic | 1 | |
| Druid of the Talon Training | 1 | |
| Reinforced Hides | 3 | |
| Hardened Skin | 1 | |
| Resistant Skin | 1 | |
10 total
» buildings
| Altar of Elders | 1 | |
| Moon Well | 10 | |
| Tree of Ages | 2 | |
| Hunter's Hall | 1 | |
| Ancient of Wonders | 1 | |
| Ancient of Lore | 2 | |
| Ancient of Wind | 2 | |
| Tree of Eternity | 2 | |
| Tree of Life | 2 | |
| Ancient Protector | 1 | |
24 total
» build order
00:07 Altar of Elders
00:20 Moon Well
02:01 Tree of Ages
02:01 Tree of Ages
02:07 Hunter's Hall
02:13 Moon Well
03:00 Moon Well
03:50 Ancient of Wonders
04:31 Ancient of Lore
04:33 Ancient of Lore
04:50 Ancient of Wind
04:55 Moon Well
04:57 Moon Well
06:14 Moon Well
10:01 Moon Well
12:40 Tree of Eternity
14:02 Moon Well
14:46 Moon Well
16:37 Tree of Life
18:06 Moon Well
27:47 Ancient of Wind
29:41 Tree of Life
33:16 Ancient Protector
» items
| Staff of Preservation | 1 | |
| Moonstone | 1 | |
| Staff of Teleportation | 1 | |
| Orb of Venom | 1 | |
4 total
Chat log
(03:25 / All) xXxDolcExXx: tower mans
(04:01 / All) gameofours: welcome 2 the game
(28:49 / All) dogsandhorse.ru: lmao
(28:56 / All) DontPhaseMeBro: thank you guys, sincerely, for this game..
(36:22 / All) dogsandhorse.ru: stank0
(36:23 / All) dogsandhorse.ru: good name
(36:26 / All) dogsandhorse.ru: you chose well
(37:06 / All) DontPhaseMeBro: G_G
(37:13 / All) mazonakis_1: KISS MY DICK
(37:16 / All) DontPhaseMeBro: how did your units get on our side??
(37:28 / All) DontPhaseMeBro: look in the top left of the map
(39:58 / All) dogsandhorse.ru: lol